 Dungeon Crawl Stone Soup version 0.31-a0-150-g89dc3ad700 (webtiles) character file.

Game seed: 1025724583827016668

49719 qw the Marksminotaur (level 14, -5/136 HPs)
             Began as a Minotaur Hunter on June 8, 2023.
             Was an Elder of Okawaru.
             Slain by a death yak (12 damage)
             ... on level 5 of the Lair of Beasts.
             The game lasted 00:06:13 (15290 turns).

qw the Marksminotaur (Minotaur Hunter)             Turns: 15290, Time: 00:06:14

Health: -5/136     AC: 19    Str: 15    XL:     14   Next: 17%
Magic:  19/19      EV: 25    Int:  6    God:    Okawaru [****..]
Gold:   899        SH:  0    Dex: 26    Spells: 13/13 levels left

rFire   . . .        n - +2 arbalest (freeze)
rCold   + . .        (shield currently unavailable)
rNeg    . . .        c - +4 ring mail of Fommes {rC+}
rPois   .            (helmet restricted)
rElec   .            (no cloak)
rCorr   .            r - +2 pair of gloves
SInv    +            j - +2 pair of boots
Will    +....        w - amulet of faith
Stlth   +++          p - +6 ring of dexterity
HPRegen 0.42/turn    u - ring of see invisible
MPRegen 0.16/turn

%: faith
@: about to teleport, heroic
A: horns 2, retaliatory headbutt
a: Renounce Religion, Heroism, Finesse


You were on level 5 of the Lair of Beasts.
You worshipped Okawaru.
Okawaru was greatly pleased with you.
You visited 3 branches of the dungeon, and saw 17 of its levels.
You also visited: Sewer and Gauntlet.

You collected 1292 gold pieces.
You spent 393 gold pieces at shops.


Innate Abilities, Weirdness & Mutations

You have a pair of horns on your head.
You reflexively headbutt those who attack you in melee.


   Skills:
 - Level 15.6(20.6) Fighting
 - Level 18.0(23.0) Ranged Weapons
 - Level 8.0(13.0) Armour
 + Level 11.7(16.7) Dodging
 - Level 0.7(5.7) Stealth
 + Level 8.8 Invocations


You had 13 spell levels left.
You didn't know any spells.
Your spell library was empty.

Inventory:

Hand Weapons
 n - a +2 arbalest of freezing (weapon)
 s - a +3 sling of flaming
Armour
 c - the +4 ring mail of Fommes (worn) {rC+}
   (You found it on level 8 of the Dungeon)

   rC:        It protects you from cold.
 j - a +2 pair of boots (worn)
 r - a +2 pair of gloves (worn)
 t - a +1 troll leather armour {Snorg}
Jewellery
 d - a ring of fire
 h - an amulet of reflection
 p - a +6 ring of dexterity (left hand)
 u - a ring of see invisible (right hand)
 w - an amulet of faith (around neck)
 x - a ring of resist corrosion
 Y - a ring of willpower
Scrolls
 a - a scroll of identify
 i - 2 scrolls of enchant armour
 q - 4 scrolls of teleportation
Potions
 b - 2 potions of might
 e - 2 potions of haste
 f - 4 potions of heal wounds
 g - a potion of mutation
 m - a potion of magic
 o - 12 potions of curing

Dungeon Overview and Level Annotations

Branches:
Dungeon (11/15)            Temple (1/1) D:5            Lair (5/5) D:11
  Swamp (0/4) Lair:3        Snake (0/4) Lair:3        Slime (0/5) Lair:5
    Orc (0/2) D:10          Sewer (visited)         Gauntlet (visited)

Altars:
Ashenzari
Cheibriados
Dithmenos
Elyvilon
Fedhas
Gozag
Hepliaklqana
Kikubaaqudgha
Makhleb
Nemelex Xobeh
Okawaru
Qazlal
Ru
Sif Muna
Trog
Uskayaw
Vehumet
Wu Jian
Xom
Yredelemnul
Zin
The Shining One

Shops:
D:3 (   D:7 *   D:8 !

Annotations:
D:7 1 runed translucent door, Crazy Yiuf


Message History

You shoot a bolt. The bolt hits the elephant!
The bolt freezes the elephant.
The elephant is lightly wounded.
The elephant is no longer petrified.
The catoblepas gores you!
The death yak gores you but does no damage.
The elephant misses you. x2; You have turned to stone.
The catoblepas gores you but does no damage.
The death yak gores you but does no damage.
The elephant tramples you.
You hold your ground!
The elephant trunk-slaps you but does no damage.
The elephant tramples you but does no damage.
The elephant trunk-slaps you but does no damage.
The catoblepas gores you!
The death yak gores you but does no damage.
The catoblepas gores you! The death yak gores you. The elephant tramples you.
You hold your ground!
The elephant trunk-slaps you but does no damage.
The catoblepas breathes a plume of calcifying dust at you.
The blast of calcifying dust hits you but does no damage.
The death yak barely misses you.
The elephant tramples you but does no damage.
The elephant trunk-slaps you but does no damage.
You are engulfed in calcifying dust.
The catoblepas gores you! The death yak gores you.
The elephant tramples you but does no damage.
The elephant trunk-slaps you but does no damage.
You are engulfed in calcifying dust.
The catoblepas gores you! The death yak gores you.
The elephant tramples you but does no damage.
The elephant trunk-slaps you but does no damage.
You are engulfed in calcifying dust.
The catoblepas gores you but does no damage.
The death yak gores you. The elephant tramples you.
You hold your ground!
The elephant trunk-slaps you but does no damage.
You turn to flesh and can move again.
15290 ||| READING 5 scrolls of teleportation.
As you read the scroll of teleportation, it crumbles to dust.
You feel strangely unstable.
You are engulfed in calcifying dust.
The catoblepas completely misses you. You furiously retaliate!
You headbutt the catoblepas. The death yak gores you!
You die...

#. #... #.##...#
#.#.... ##..%..
#....¤ ##...%###
#..P....#######.
###.P##YY.......
### ##@Y......
##¤...### #####


You could see a death yak, a catoblepas and an elephant.

Vanquished Creatures
  A quicksilver ooze (Gauntlet)
  A minotaur (Gauntlet)
  Snorg (D:10)
  A hydra (Lair:4)
  Erica (Lair:1)
  2 boulder beetles
  2 two-headed ogres
  6 death yaks
  A skyshark (Lair:2)
  An oklob plant (Lair:4)
  2 ugly things (D:11)
  Joseph (D:8)
  2 elephants (Lair:5)
  A guardian serpent (Lair:3)
  13 cane toads
  A torpor snail (Lair:2)
  4 black mambas
  A gargoyle (D:4)
  4 rime drakes
  5 komodo dragons
  2 ice devils (D:11)
  2 polar bears
  3 trolls
  A tyrant leech (Lair:3)
  Grinder (D:3)
  17 blink frogs
  6 dream sheep (Lair:5)
  Sigmund (D:3)
  2 shadows (D:11)
  6 wyverns
  A vampire (D:10)
  5 flying skulls (Gauntlet)
  39 yaks
  2 basilisks
  3 steam dragons
  2 swamp worms (Lair:3)
  Menkaure (D:6)
  16 water moccasins
  2 ice beasts
  2 orc warriors
  A sky beast (D:7)
  3 black bears (D:11)
  2 ogres
  34 wolves
  3 centaurs
  2 phantoms
  3 kobold brigands
  11 bullfrogs
  2 scorpions
  11 wights
  3 killer bees (D:9)
  5 howler monkeys
  5 hounds
  3 orc priests
  7 jellies
  3 sleepcaps
  Jessica (D:3)
  7 iguanas
  11 orc wizards
  4 river rats
  10 adders
  2 white imps (Gauntlet)
  An ufetubus (D:7)
  8 worms
  A dart slug (D:1)
  37 orcs
  10 endoplasms
  6 giant cockroaches
  4 goblins
  4 hobgoblins
  3 jackals (D:1)
  14 kobolds
  5 quokkas
  10 ball pythons
  10 bats
  5 frilled lizards
  10 rats
426 creatures vanquished.

Notes
Turn   | Place    | Note
-------+----------+-------------------------------------------
     0 | D:1      | qw the Minotaur Hunter began the quest for the Orb.
     0 | D:1      | Reached XP level 1. HP: 18/18 MP: 0/0
     0 | D:1      | 0 ||| qw: Version: 0.2-a-120-gdf1a93b
     0 | D:1      | 0 ||| qw: Game counter: 2947
     0 | D:1      | 0 ||| qw: Always use a shield: true
     0 | D:1      | 0 ||| qw: God list: Okawaru
     0 | D:1      | 0 ||| qw: Allow faded altars: false
     0 | D:1      | 0 ||| qw: Do Orc after D:15 true
     0 | D:1      | 0 ||| qw: Do second Lair branch before Depths: true
     0 | D:1      | 0 ||| qw: Lair rune preference: random
     0 | D:1      | 0 ||| qw: Plans: Normal
     0 | D:1      | 0 ||| PLANNING D:1-11
   107 | D:1      | Reached XP level 2. HP: 25/25 MP: 1/1
   129 | D:1      | Reached skill level 5 in Ranged Weapons
   223 | D:1      | Reached skill level 3 in Fighting
   261 | D:1      | Reached XP level 3. HP: 31/31 MP: 2/2
   439 | D:1      | 439 ||| UPGRADING to amulet of reflection.
   444 | D:1      | 444 ||| READING 2 scrolls labelled MIOROM TIHEN.
   445 | D:1      | 445 ||| READING scroll labelled LETHESU CIEW.
   446 | D:1      | 446 ||| READING scroll labelled OPRAIK DIMEVOO.
   447 | D:1      | 447 ||| DROPPING scroll of butterflies.
  1010 | D:2      | 1010 ||| READING scroll labelled MANIPI OSEMA.
  1042 | D:3      | Noticed Sigmund
  1046 | D:3      | 1046 ||| STAIRDANCE
  1104 | D:3      | 1104 ||| STAIRDANCE
  1145 | D:3      | 1145 ||| STAIRDANCE
  1197 | D:3      | 1197 ||| STAIRDANCE
  1199 | D:3      | 1199 ||| STAIRDANCE
  1211 | D:3      | 1211 ||| STAIRDANCE
  1268 | D:3      | 1268 ||| STAIRDANCE
  1268 | D:3      | Noticed Jessica
  1333 | D:3      | 1333 ||| STAIRDANCE
  1335 | D:3      | 1335 ||| STAIRDANCE
  1399 | D:3      | 1399 ||| STAIRDANCE
  1399 | D:3      | Killed Jessica
  1400 | D:3      | Reached skill level 6 in Ranged Weapons
  1400 | D:3      | Reached XP level 4. HP: 26/38 MP: 3/3
  1452 | D:3      | 1452 ||| STAIRDANCE
  1495 | D:3      | 1495 ||| STAIRDANCE
  1518 | D:3      | 1518 ||| STAIRDANCE
  1581 | D:3      | 1581 ||| STAIRDANCE
  1623 | D:3      | 1623 ||| STAIRDANCE
  1641 | D:3      | 1641 ||| STAIRDANCE
  1674 | D:3      | 1674 ||| STAIRDANCE
  1699 | D:3      | 1699 ||| STAIRDANCE
  1751 | D:3      | 1751 ||| STAIRDANCE
  1794 | D:3      | Killed Sigmund
  1795 | D:3      | Reached XP level 5. HP: 50/50 MP: 4/4
  1807 | D:3      | Found a hazy altar of Hepliaklqana.
  1920 | D:3      | Found Uzugob's Weapon Shoppe.
  2031 | D:3      | Reached XP level 6. HP: 41/57 MP: 5/5
  2130 | D:3      | Noticed Grinder
  2143 | D:3      | Paralysed by Grinder for 3 turns
  2151 | D:3      | Killed Grinder
  2152 | D:3      | Reached skill level 7 in Ranged Weapons
  2291 | D:3      | 2291 ||| UPGRADING to +2 pair of boots.
  2296 | D:3      | 2296 ||| UPGRADING to +0 ring mail.
  2306 | D:3      | 2306 ||| DROPPING +0 leather armour.
  2307 | D:3      | 2307 ||| READING scroll labelled PUOMOE VUSULY.
  2312 | D:3      | 2312 ||| READING scroll labelled TOYRCH ROGINO.
  2313 | D:3      | 2313 ||| READING 2 scrolls of identify.
  2313 | D:3      | 2313 ||| IDENTIFYING sapphire potion
  2326 | D:4      | 2326 ||| PLANNING SEWER
  2421 | D:4      | Reached skill level 1 in Armour
  2421 | D:4      | Reached XP level 7. HP: 62/62 MP: 6/6
  2534 | D:4      | Found a sacrificial altar of Ru.
  2567 | D:4      | Reached skill level 8 in Ranged Weapons
  2705 | D:4      | Found a glowing drain.
  2706 | D:4      | 2706 ||| DROPPING scarf of invisibility.
  2707 | D:4      | 2707 ||| UPGRADING to ring of see invisible.
  2708 | D:4      | 2708 ||| READING scroll labelled VUEKKU MIUGOLEPN.
  2811 | Sewer    | Entered a sewer
  2816 | Sewer    | 2816 ||| Stepping ~*~*~tactically~*~*~ (water).
  2839 | Sewer    | 2839 ||| Stepping ~*~*~tactically~*~*~ (water).
  2869 | Sewer    | 2869 ||| Stepping ~*~*~tactically~*~*~ (water).
  2907 | Sewer    | 2907 ||| Stepping ~*~*~tactically~*~*~ (water).
  2918 | Sewer    | Reached skill level 3 in Dodging
  2924 | Sewer    | 2924 ||| Stepping ~*~*~tactically~*~*~ (water).
  2977 | Sewer    | Found a viscous altar of Jiyva.
  3017 | Sewer    | Reached skill level 9 in Ranged Weapons
  3025 | Sewer    | 3025 ||| READING scroll labelled YNUFRYI WIDWOQ.
  3026 | Sewer    | 3026 ||| DRINKING 3 sedimented black potions.
  3026 | Sewer    | Reached skill level 15 in Fighting
  3026 | Sewer    | Reached XP level 8. HP: 91/91 MP: 7/7
  3027 | Sewer    | 3027 ||| DRINKING 2 potions of experience.
  3027 | Sewer    | Reached skill level 13 in Ranged Weapons
  3027 | Sewer    | Reached XP level 9. HP: 97/97 MP: 8/8
  3028 | Sewer    | 3028 ||| DRINKING potion of experience.
  3028 | Sewer    | Reached skill level 9 in Dodging
  3028 | Sewer    | Reached XP level 10. HP: 105/105 MP: 9/9
  3029 | Sewer    | 3029 ||| DRINKING 2 purple potions.
  3030 | Sewer    | 3030 ||| DRINKING 3 silvery potions.
  3031 | Sewer    | 3031 ||| DROPPING potion of brilliance.
  3052 | D:4      | 3052 ||| PLANNING D:1-11
  3080 | D:5      | Entered Level 5 of the Dungeon
  3080 | D:5      | Noticed a gargoyle
  3088 | D:5      | 3088 ||| STAIRDANCE
  3090 | D:4      | Killed a gargoyle
  3091 | D:4      | Reached skill level 3 in Armour
  3206 | D:5      | Found a staircase to the Ecumenical Temple.
  3207 | D:5      | 3207 ||| PLANNING TEMPLE
  3222 | Temple   | Entered the Ecumenical Temple
  3229 | Temple   | 3229 ||| PLANNING OKAWARU WORSHIP
  3255 | Temple   | Became a worshipper of Warmaster Okawaru
  3255 | Temple   | 3255 ||| PLANNING D:1-11
  3343 | D:5      | Found a basalt altar of Yredelemnul.
  3369 | D:5      | 3369 ||| Stepping ~*~*~tactically~*~*~ (outnumbered).
  3548 | D:5      | Found a radiant altar of Vehumet.
  3552 | D:5      | Reached XP level 11. HP: 110/110 MP: 10/10
  3608 | D:5      | Noticed a two-headed ogre
  3612 | D:5      | Killed a two-headed ogre
  3695 | D:5      | Found a bloodstained altar of Trog.
  3915 | D:5      | 3915 ||| READING 2 scrolls of identify.
  3915 | D:5      | 3915 ||| IDENTIFYING viscous purple potion
  3916 | D:5      | 3916 ||| DROPPING potion of lignification.
  3966 | D:6      | Noticed Menkaure
  3967 | D:6      | Killed Menkaure
  3968 | D:6      | 3968 ||| FLEEEEING.
  3969 | D:6      | 3969 ||| FLEEEEING.
  4109 | D:6      | Reached skill level 14 in Ranged Weapons
  4655 | D:6      | 4655 ||| UPGRADING to +0 pair of gloves.
  4660 | D:6      | 4660 ||| READING scroll of enchant armour.
  4660 | D:6      | 4660 ||| ENCHANTING +0 pair of gloves.
  4661 | D:6      | 4661 ||| READING scroll labelled WUJ DUMYBREMO.
  4663 | D:6      | 4663 ||| Stepping ~*~*~tactically~*~*~ (cloud).
  4802 | D:7      | Reached * piety under Okawaru
  4928 | D:7      | 4928 ||| Stepping ~*~*~tactically~*~*~ (outnumbered).
  4930 | D:7      | 4930 ||| Stepping ~*~*~tactically~*~*~ (outnumbered).
  4949 | D:7      | Reached skill level 1 in Invocations
  5004 | D:7      | Found Qeacw's General Store.
  5015 | D:7      | 5015 ||| BUYING potion of curing (33 gold).
  5015 | D:7      | Bought a potion of curing for 33 gold pieces
  5015 | D:7      | 5015 ||| SHOPLISTING scroll of acquirement (572 gold, have
                  | 326).
  5120 | D:7      | Found a glowing silver altar of Zin.
  5298 | D:7      | Found a runed translucent door.
  5299 | D:7      | Noticed Crazy Yiuf
  5484 | D:7      | 5484 ||| DROPPING +6 ring of intelligence.
  5485 | D:7      | 5485 ||| READING scroll labelled QEAGOCW LONK.
  5586 | D:7      | 5586 ||| DRINKING 2 blue potions.
  5587 | D:7      | 5587 ||| READING 2 scrolls of identify.
  5587 | D:7      | 5587 ||| IDENTIFYING white potion
  5588 | D:7      | 5588 ||| DROPPING potion of attraction.
  5635 | D:8      | 5635 ||| Stepping ~*~*~tactically~*~*~ (outnumbered).
  5739 | D:8      | Identified the +4 ring mail of Fommes {rC+}
  5792 | D:8      | 5792 ||| Stepping ~*~*~tactically~*~*~ (outnumbered).
  5794 | D:8      | 5794 ||| Stepping ~*~*~tactically~*~*~ (outnumbered).
  5816 | D:8      | 5816 ||| INVOKING Heroism.
  5882 | D:8      | 5882 ||| SWAPPING to +0 orcbow.
  5883 | D:8      | 5883 ||| DROPPING +0 heavy shortbow.
  5932 | D:8      | Found a stormy altar of Qazlal.
  5961 | D:8      | 5961 ||| INVOKING Heroism.
  6064 | D:8      | Found Zaned's Distillery.
  6071 | D:8      | 6071 ||| BUYING potion of curing (45 gold).
  6071 | D:8      | Bought a potion of curing for 45 gold pieces
  6071 | D:8      | 6071 ||| BUYING potion of curing (45 gold).
  6071 | D:8      | Bought a potion of curing for 45 gold pieces
  6071 | D:8      | 6071 ||| BUYING potion of curing (45 gold).
  6071 | D:8      | Bought a potion of curing for 45 gold pieces
  6071 | D:8      | 6071 ||| BUYING potion of heal wounds (75 gold).
  6071 | D:8      | Bought a potion of heal wounds for 75 gold pieces
  6071 | D:8      | 6071 ||| BUYING potion of heal wounds (75 gold).
  6071 | D:8      | Bought a potion of heal wounds for 75 gold pieces
  6071 | D:8      | 6071 ||| BUYING potion of heal wounds (75 gold).
  6071 | D:8      | Bought a potion of heal wounds for 75 gold pieces
  6095 | D:8      | 6095 ||| INVOKING Heroism.
  6100 | D:8      | 6100 ||| Stepping ~*~*~tactically~*~*~ (cloud).
  6141 | D:8      | Found a broken altar of Ashenzari.
  6142 | D:8      | Noticed Joseph
  6154 | D:8      | Killed Joseph
  6353 | D:8      | 6353 ||| UPGRADING to +4 ring mail of Fommes {rC+}.
  6363 | D:8      | 6363 ||| DROPPING +0 ring mail.
  6364 | D:8      | 6364 ||| UPGRADING to ring of resist corrosion.
  6463 | D:9      | 6463 ||| READING scroll of enchant armour.
  6463 | D:9      | 6463 ||| ENCHANTING +1 pair of gloves.
  6553 | D:9      | 6553 ||| INVOKING Heroism.
  6563 | D:9      | Reached skill level 3 in Invocations
  6733 | D:9      | 6733 ||| INVOKING Heroism.
  7098 | D:9      | Noticed a two-headed ogre
  7099 | D:9      | 7099 ||| INVOKING Heroism.
  7103 | D:9      | Killed a two-headed ogre
  7117 | D:9      | 7117 ||| READING scroll labelled IROF UTOYDO.
  7118 | D:9      | 7118 ||| READING 3 scrolls of identify.
  7118 | D:9      | 7118 ||| IDENTIFYING sedimented ruby potion
  7119 | D:9      | 7119 ||| READING 2 scrolls of identify.
  7119 | D:9      | 7119 ||| IDENTIFYING fuming yellow potion
  7139 | D:10     | Entered Level 10 of the Dungeon
  7156 | D:10     | Noticed a boulder beetle
  7157 | D:10     | 7157 ||| INVOKING Heroism.
  7181 | D:10     | 7181 ||| INVOKING Heroism.
  7185 | D:10     | Killed a boulder beetle
  7278 | D:10     | Noticed Snorg
  7280 | D:10     | 7280 ||| INVOKING Heroism.
  7292 | D:10     | HP: 25/112 [Snorg (12)]
  7293 | D:10     | 7293 ||| READING 5 scrolls of teleportation.
  7294 | D:10     | 7294 ||| DRINKING 5 potions of heal wounds.
  7295 | D:10     | 7295 ||| DRINKING 4 potions of heal wounds.
  7507 | D:10     | Found a shimmering blue altar of Sif Muna.
  7597 | D:10     | Found a staircase to the Orcish Mines.
  7648 | D:10     | 7648 ||| SWAPPING to +0 arbalest.
  7649 | D:10     | 7649 ||| DROPPING +0 orcbow.
  7728 | D:10     | 7728 ||| INVOKING Heroism.
  7736 | D:10     | Killed Snorg
  7816 | D:10     | Reached skill level 15 in Ranged Weapons
  8217 | D:11     | Noticed a purple ugly thing
  8222 | D:11     | Killed a purple ugly thing
  8281 | D:11     | Reached ** piety under Okawaru
  8321 | D:11     | Found a staircase to the Lair.
  8329 | D:11     | Noticed a boulder beetle
  8330 | D:11     | 8330 ||| INVOKING Heroism.
  8342 | D:11     | Reached XP level 12. HP: 101/121 MP: 12/14
  8350 | D:11     | 8350 ||| INVOKING Heroism.
  8352 | D:11     | Killed a boulder beetle
  8377 | D:11     | 8377 ||| FLEEEEING.
  8378 | D:11     | 8378 ||| FLEEEEING.
  8395 | D:11     | 8395 ||| FLEEEEING.
  8502 | D:11     | 8502 ||| INVOKING Heroism.
  8553 | D:11     | 8553 ||| INVOKING Heroism.
  8689 | D:11     | Found a frozen archway.
  8908 | D:11     | 8908 ||| Stepping ~*~*~tactically~*~*~ (outnumbered).
  8925 | D:11     | Reached skill level 16 in Ranged Weapons
  8947 | D:11     | Found a shimmering blue altar of Sif Muna.
  9141 | D:11     | 9141 ||| PLANNING LAIR
  9166 | Lair:1   | Entered Level 1 of the Lair of Beasts
  9167 | Lair:1   | 9167 ||| PLANNING GAUNTLET
  9169 | Lair:1   | 9169 ||| Stepping ~*~*~tactically~*~*~ (water).
  9175 | Lair:1   | 9175 ||| Stepping ~*~*~tactically~*~*~ (water).
  9202 | Lair:1   | 9202 ||| INVOKING Heroism.
  9215 | Lair:1   | 9215 ||| INVOKING Heroism.
  9215 | Lair:1   | Noticed Erica
  9226 | Lair:1   | 9226 ||| INVOKING Heroism.
  9232 | Lair:1   | Killed Erica
  9241 | Lair:1   | 9241 ||| INVOKING Heroism.
  9477 | Lair:1   | Found a gate leading to a gauntlet.
  9478 | Lair:1   | 9478 ||| DRINKING 2 puce potions.
  9479 | Lair:1   | 9479 ||| DROPPING potion of enlightenment.
  9488 | Gauntlet | Entered a Gauntlet
  9488 | Gauntlet | Found a transporter.
  9501 | Gauntlet | Found a transporter.
  9512 | Gauntlet | Found a transporter.
  9514 | Gauntlet | Found a large runed translucent door.
  9514 | Gauntlet | Found a large runed translucent door.
  9515 | Gauntlet | Found a large runed translucent door.
  9515 | Gauntlet | Found a large runed translucent door.
  9516 | Gauntlet | Found a large runed translucent door.
  9516 | Gauntlet | Found a large runed translucent door.
  9516 | Gauntlet | Found a runed translucent door.
  9516 | Gauntlet | Found a runed translucent door.
  9516 | Gauntlet | Found a large runed translucent door.
  9517 | Gauntlet | Found a transporter.
  9526 | Gauntlet | Noticed a dire elephant
  9532 | Gauntlet | Found a transporter.
  9547 | Gauntlet | Found a large runed translucent door.
  9548 | Gauntlet | Found a large runed translucent door.
  9549 | Gauntlet | Found a large runed translucent door.
  9549 | Gauntlet | Found a large runed translucent door.
  9550 | Gauntlet | Found a runed translucent gate.
  9551 | Gauntlet | Found a transporter.
  9551 | Gauntlet | Found a runed translucent gate.
  9552 | Gauntlet | Found a runed translucent gate.
  9552 | Gauntlet | Noticed a quicksilver ooze
  9553 | Gauntlet | Found a large runed translucent door.
  9553 | Gauntlet | Found a large runed translucent door.
  9554 | Gauntlet | Found a large runed translucent door.
  9555 | Gauntlet | Found a large runed translucent door.
  9563 | Gauntlet | Found a transporter.
  9565 | Gauntlet | Found a large runed translucent door.
  9569 | Gauntlet | Found a transporter.
  9571 | Gauntlet | Found a transporter.
  9588 | Gauntlet | Found a transporter.
  9600 | Gauntlet | Found a transporter.
  9603 | Gauntlet | Noticed a dire elephant
  9612 | Gauntlet | Found a transporter.
  9629 | Gauntlet | Found a transporter.
  9646 | Gauntlet | Found a transporter.
  9648 | Gauntlet | Found a transporter.
  9673 | Gauntlet | Found a transporter.
  9675 | Gauntlet | Found a transporter.
  9677 | Gauntlet | Found a transporter.
  9782 | Gauntlet | Noticed a quicksilver ooze
  9987 | Gauntlet | 9987 ||| UPGRADING to ring of willpower.
 10045 | Gauntlet | 10045 ||| INVOKING Heroism.
 10048 | Gauntlet | Killed a quicksilver ooze
 10049 | Gauntlet | Reached skill level 17 in Ranged Weapons
 10116 | Gauntlet | 10116 ||| DROPPING +0 pair of gloves of strength.
 10134 | Gauntlet | Noticed a minotaur
 10135 | Gauntlet | 10135 ||| INVOKING Heroism.
 10139 | Gauntlet | Killed a minotaur
 10185 | Gauntlet | 10185 ||| SWAPPING to +2 arbalest of freezing.
 10186 | Gauntlet | 10186 ||| DROPPING +0 arbalest.
 10197 | Gauntlet | 10197 ||| UPGRADING to amulet of faith.
 10207 | Gauntlet | 10207 ||| READING scroll labelled EPPENIJ NEGAT.
 10218 | Lair:1   | 10218 ||| PLANNING LAIR
 10325 | Lair:1   | 10325 ||| INVOKING Heroism.
 10327 | Lair:1   | Reached skill level 6 in Armour
 10581 | Lair:1   | Reached *** piety under Okawaru
 10808 | Lair:1   | Reached **** piety under Okawaru
 10948 | Lair:1   | 10948 ||| INVOKING Heroism.
 11237 | Lair:1   | 11237 ||| READING scroll labelled TAIB ULOIMEAG.
 11238 | Lair:1   | 11238 ||| READING 2 scrolls of identify.
 11238 | Lair:1   | 11238 ||| IDENTIFYING murky dark potion
 11239 | Lair:1   | 11239 ||| DROPPING potion of ambrosia.
 11384 | Lair:2   | Reached XP level 13. HP: 127/127 MP: 15/15
 11509 | Lair:2   | 11509 ||| INVOKING Heroism.
 11880 | Lair:2   | 11880 ||| INVOKING Heroism.
 11882 | Lair:2   | Reached skill level 18 in Ranged Weapons
 11887 | Lair:2   | Received a gift from Okawaru
 12151 | Lair:2   | 12151 ||| READING 2 scrolls of identify.
 12151 | Lair:2   | 12151 ||| IDENTIFYING inky potion
 12202 | Lair:3   | 12202 ||| STAIRDANCE
 12206 | Lair:3   | 12206 ||| STAIRDANCE
 12238 | Lair:3   | 12238 ||| STAIRDANCE
 12240 | Lair:2   | 12240 ||| INVOKING Heroism.
 12306 | Lair:3   | 12306 ||| INVOKING Heroism.
 12326 | Lair:3   | Reached skill level 6 in Invocations
 12403 | Lair:3   | 12403 ||| INVOKING Heroism.
 12550 | Lair:3   | Found a staircase to the Swamp.
 12551 | Lair:3   | 12551 ||| INVOKING Heroism.
 12639 | Lair:3   | Reached ***** piety under Okawaru
 12876 | Lair:3   | Received a gift from Okawaru
 12877 | Lair:3   | 12877 ||| INVOKING Heroism.
 12984 | Lair:3   | 12984 ||| DROPPING +7 orcbow.
 12997 | Lair:3   | Found a staircase to the Snake Pit.
 13018 | Lair:3   | 13018 ||| INVOKING Heroism.
 13245 | Lair:3   | 13245 ||| READING scroll labelled FURIPH NAMOT.
 13288 | Lair:4   | 13288 ||| STAIRDANCE
 13335 | Lair:4   | 13335 ||| STAIRDANCE
 13339 | Lair:3   | 13339 ||| INVOKING Heroism.
 13435 | Lair:4   | 13435 ||| STAIRDANCE
 13445 | Lair:3   | 13445 ||| INVOKING Heroism.
 13566 | Lair:4   | 13566 ||| STAIRDANCE
 13641 | Lair:4   | 13641 ||| INVOKING Heroism.
 13744 | Lair:4   | 13744 ||| INVOKING Heroism.
 13916 | Lair:4   | 13916 ||| INVOKING Heroism.
 13989 | Lair:4   | 13989 ||| INVOKING Heroism.
 14105 | Lair:4   | 14105 ||| INVOKING Heroism.
 14487 | Lair:4   | 14487 ||| INVOKING Heroism.
 14604 | Lair:4   | 14604 ||| DROPPING +1 pair of boots.
 14605 | Lair:4   | 14605 ||| DROPPING ring of see invisible.
 14606 | Lair:4   | 14606 ||| UPGRADING to +6 ring of dexterity.
 14608 | Lair:4   | 14608 ||| DROPPING ring of magical power.
 14609 | Lair:4   | 14609 ||| UPGRADING to ring of see invisible.
 14611 | Lair:4   | 14611 ||| READING 2 scrolls of identify.
 14611 | Lair:4   | 14611 ||| IDENTIFYING fizzy ruby potion
 14612 | Lair:4   | 14612 ||| DROPPING potion of berserk rage.
 14625 | Lair:5   | Entered Level 5 of the Lair of Beasts
 14638 | Lair:5   | Received a gift from Okawaru
 14753 | Lair:5   | 14753 ||| INVOKING Heroism.
 14763 | Lair:5   | Reached XP level 14. HP: 119/136 MP: 16/19
 14946 | Lair:5   | Found a staircase to the Slime Pits.
 14957 | Lair:5   | 14957 ||| INVOKING Heroism.
 15177 | Lair:5   | 15177 ||| FLEEEEING.
 15178 | Lair:5   | 15178 ||| FLEEEEING.
 15179 | Lair:5   | 15179 ||| FLEEEEING.
 15180 | Lair:5   | 15180 ||| FLEEEEING.
 15181 | Lair:5   | 15181 ||| FLEEEEING.
 15182 | Lair:5   | 15182 ||| FLEEEEING.
 15183 | Lair:5   | 15183 ||| FLEEEEING.
 15184 | Lair:5   | 15184 ||| FLEEEEING.
 15185 | Lair:5   | 15185 ||| FLEEEEING.
 15260 | Lair:5   | 15260 ||| INVOKING Heroism.
 15265 | Lair:5   | 15265 ||| Stepping ~*~*~tactically~*~*~ (cloud).
 15267 | Lair:5   | 15267 ||| Stepping ~*~*~tactically~*~*~ (cloud).
 15269 | Lair:5   | 15269 ||| Stepping ~*~*~tactically~*~*~ (cloud).
 15279 | Lair:5   | 15279 ||| DRINKING potion of cancellation.
 15284 | Lair:5   | HP: 32/136 [catoblepas (6)]
 15287 | Lair:5   | HP: 15/136 [death yak (2)]
 15289 | Lair:5   | HP: 7/136 [elephant (1)]
 15290 | Lair:5   | 15290 ||| READING 5 scrolls of teleportation.
 15290 | Lair:5   | Slain by a death yak

Levels and vault maps discovered:
D:1:      wander_arrival_fairy_ring, layout_rooms, minmay_pentomino_x2
D:2:      layout_basic, eino_curves_03
D:3:      layout_rooms, nicolae_hepliaklqana_hazy_memory, serial_shops, shop,
          uniq_grinder, uniq_sigmund, uniq_jessica
D:4:      layout_gridville, nicolae_ru_awakened_eye, lightli_sewer_entry_pipes
D:5:      layout_rooms, nicolae_vehumet_radiance, kennysheep_mini,
          mainiacjoe_overflow_chevrons, minmay_temple_entry_antechambers,
          skrybe_limestone_x, hangedman_decor_push,
          hangedman_abyss_or_decor_stabs, minmay_manual_mail
D:6:      nicolae_BIG_FREAKIN_CUBE, layout_loops_ring, uniq_menkaure
D:7:      hellmonk_destroyed_diamonds, layout_cave_pools,
          nicolae_overflow_crystal_walls, serial_shops, shop,
          uniq_crazy_yiuf_cottage
D:8:      layout_loops_ring, nicolae_qazlal_style_of_elements,
          amcnicky_altar_gilded, serial_shops, nicolae_shop_industrial_runoff,
          uniq_joseph
D:9:      layout_irregular_city, hangedman_abyss_or_decor_passed,
          minmay_misc_feat_pillars
D:10:     layout_grid_maze, mainiacjoe_overflow_concentric_impassable,
          orc_0_dummy, uniq_snorg
D:11:     layout_loops_ring, due_lair_maze_entry_diamond,
          portal_ice_cave_demonic_guard, nicolae_sif_muna_little_library
Temple:   nicolae_temple_ecumenical_triangle
Lair:1:   layout_cave_pods, gauntlet_entry_generic, grunt_megastairs_3,
          infiniplex_staircase_pool_2, uniq_erica
Lair:2:   layout_cave_pods, serial_bayou_shore_a
Lair:3:   layout_loops_ring, minmay_swamp_entry_worms,
          minmay_snake_entry_spellcaster
Lair:4:   layout_loops_ring, grunt_megastairs_5
Lair:5:   grunt_lair_end_beastmaster, layout_cave_pods,
          nicolae_slime_entry_slimehenge, minivault_24

Skill      XL: |  1  2  3  4  5  6  7  8  9 10 11 12 13 |
---------------+----------------------------------------+-----
Ranged Weapons | 5 6 7 9 13 15 17 18 | 18.0
Fighting       | 3 5 15 | 15.6
Armour         | 1 2 3 5 6 8 |  8.0
Dodging        | 3 9 11 | 11.7
Invocations    | 4 8 |  8.8
Stealth        | |  0.7

Action                     |  1- 3 |  4- 6 |  7- 9 | 10-12 | 13-15 || total
---------------------------+-------+-------+-------+-------+-------++-------
   Fire: Shortbow          |   104 |    70 |    97 |   192 |       ||   463
         Orcbow            |       |       |       |   177 |       ||   177
         Arbalest          |       |       |       |   234 |   326 ||   560
 Invoke: Heroism           |       |       |       |    22 |    19 ||    41
    Use: Scroll            |     4 |     3 |     2 |    13 |     4 ||    26
         Potion            |       |       |     3 |     6 |     1 ||    10
 Armour: Leather armour    |     5 |     3 |       |       |       ||     8
         Ring mail         |       |       |     9 |   118 |   118 ||   245
  Dodge: Dodged            |    29 |    13 |    16 |   253 |   253 ||   564
  Block: Other             |     3 |     7 |     3 |    54 |       ||    67
         Reflection        |       |     1 |       |     6 |       ||     7

Table legend:
 A = Non-vault XP
 B = Vault XP
 C = Vault XP percentage of total XP
 D = Non-vault monster count
 E = Vault monster count
 F = Vault count percentage of total count
                 A         B        C        D         E       F
            +---------+---------+-------+---------+---------+-------
      Total |   44261 |   18285 |  29.2 |     317 |     109 |  25.6
            +---------+---------+-------+---------+---------+-------
        D:1 |      50 |       2 |   3.8 |      30 |       1 |   3.2
        D:2 |      23 |       0 |   0.0 |       6 |       0 |   0.0
        D:3 |      62 |     557 |  90.0 |      10 |       3 |  23.1
        D:4 |     232 |     503 |  68.4 |      17 |      13 |  43.3
        D:5 |     866 |     998 |  53.5 |      22 |       4 |  15.4
        D:6 |     753 |     169 |  18.3 |      14 |       1 |   6.7
        D:7 |     831 |       0 |   0.0 |      16 |       0 |   0.0
        D:8 |    1475 |     493 |  25.1 |      27 |       1 |   3.6
        D:9 |    2022 |       0 |   0.0 |      21 |       0 |   0.0
       D:10 |    1435 |     922 |  39.1 |       7 |       1 |  12.5
       D:11 |    2705 |    1769 |  39.5 |      13 |      11 |  45.8
     Lair:1 |    5547 |    3575 |  39.2 |      27 |      12 |  30.8
     Lair:2 |    5894 |       0 |   0.0 |      27 |       0 |   0.0
     Lair:3 |   10358 |    1669 |  13.9 |      36 |       7 |  16.3
     Lair:4 |    6902 |     771 |  10.0 |      23 |       4 |  14.8
     Lair:5 |    5106 |    3335 |  39.5 |      21 |      15 |  41.7
      Sewer |       0 |     283 | 100.0 |       0 |      27 | 100.0
   Gauntlet |       0 |    3239 | 100.0 |       0 |       9 | 100.0
            +---------+---------+-------+---------+---------+-------
